[Event "I Liga Centralne Srbije"]
[Site "Bajina Bašta, Serbia"]
[Date "2020.10.15"]
[Round "9.1"]
[White "Kojovic, Dragan"]
[Black "Ivic, Velimir"]
[Result "0-1"]
[ECO "D95"]
[WhiteElo "2307"]
[BlackElo "2548"]
[Annotator "Knez"]
[PlyCount "80"]
[EventDate "2020.??.??"]
[TimeControl "90"]

1. d4 Nf6 2. c4 g6 3. Nc3 d5 4. Nf3 Bg7 5. e3 O-O 6. Qb3 e6 7. Bd2 b6 8. cxd5 exd5 9. Be2 Bb7 10. O-O Nbd7 11. Rfd1 c5 12. dxc5 Nxc5 13. Qa3 Re8 14. Be1 Bf8 15. b4 Ncd7 16. Qb3 Rc8 17. Rac1 a6 18. h3 Qe7 19. a3 Red8 20.
Rc2 Ne5 21. Nd4 Nc4 22. Bf3 Qe5 23. Nce2 Bd6 24. g3 Ne4 25. Bg2 h5 26. f4 Qe8 27. Nf3 Bc6 28. Ned4 Ba4 29. Qd3 Bxc2 30. Nxc2 Nb2 31. Qe2 Nxd1 32. Qxd1 Bf8 33. g4 hxg4 34. hxg4 Qa4 35. Nfd4 Bg7 36. Qd3 Bxd4 37. Nxd4 Rc1 38. Nf3 Qd1 39. Qxa6 Nd2 40. Nxd2 Qxd2 0-1

[Event "I Liga Centralne Srbije"]
[Site "Bajina Bašta, Serbia"]
[Date "2020.10.15"]
[Round "9.1"]
[White "Perunovic, Miodrag"]
[Black "Ostojic, Nikola"]
[Result "1/2-1/2"]
[ECO "E11"]
[WhiteElo "2440"]
[BlackElo "2406"]
[Annotator "Knez"]
[PlyCount "81"]
[EventDate "2020.??.??"]
[TimeControl "90"]
[WhiteClock "0:02:16"]
[BlackClock "0:02:06"]

1. d4 Nf6 2. Nf3 e6 3. c4 Bb4+ 4. Bd2 a5 5. g3 O-O 6. Bg2 d5 7. O-O Be7 8. Qc2 c6 9. Rd1 Nbd7 10. Bg5 b6 11. Nbd2 Ba6 12. b3 Rc8 13.
e4 c5 14. exd5 exd5 15. Qf5 h6 16. Bf4 g6 17. Qc2 Kh7 18.
a4 Bb7 19. Ne5 cxd4 20. Ndf3 Bc5 21. Nxd7 Qxd7 22. Be5 Qe7 23. Bxd4 Bxd4 24. Rxd4 dxc4 25. bxc4 Bc6 26. Rb1 Qb7 27. Qd1 Nd7 28. Rd6 Kg8 29. Nh4 Ne5 30. Qd4 Bxg2 31. Qxe5 Qe4 32. Qa1 Bh3 33. Re1 Qc2 34. Rxb6 Rxc4 35. Qe5 Rc5 36. Qe3 Qc3 37. Qe7 Rc7 38. Qe4 Rc4 39. Qe7 Rc7 40. Qe4 Rc4 41. Qe7 1/2-1/2

[Event "I Liga Centralne Srbije"]
[Site "Bajina Bašta, Serbia"]
[Date "2020.10.15"]
[Round "9.1"]
[White "Solomunovic, Igor"]
[Black "Pavlovic, Dejan S"]
[Result "0-1"]
[ECO "D45"]
[WhiteElo "2355"]
[BlackElo "2390"]
[Annotator "Knez"]
[PlyCount "112"]
[EventDate "2020.??.??"]
[TimeControl "90"]
[WhiteClock "0:07:53"]
[BlackClock "0:04:16"]

1. d4 d5 2. Nf3 Nf6 3. c4 c6 4. Nc3 e6 5. e3 Nbd7 6. Qc2 Bd6 7. b3 O-O 8. Bb2 b6 9. Be2 Bb7 10. O-O Qe7 11. e4 Nxe4 12. Nxe4 dxe4 13. Qxe4 f5 14. Qe3 c5 15. Rad1 Rad8 16. Rfe1 cxd4 17. Qxd4 Nc5 18. Qe3 Ne4 19. Be5 Bc5 20. Nd4 f4 21. Qh3 f3 22. Bxf3 Ng5 23. Qg4 Bxd4 24. Bxb7 Bxf2+ 25. Kh1 Bxe1 26. Rxe1 Qxb7 27. Qxg5 h6 28. Qg4 Rf5 29. h3 Qf7 30. Bc3 Rd3 31. Be5 Rd2 32. Bc3 Rd3 33. Be5 Rd7 34. Re2 Rg5 35. Qf4 Qxf4 36. Bxf4 Rf5 37. Be5 Kf7 38. Kh2 Rf1 39. Bc3 Rdd1 40. Be5 Rde1 41. Rxe1 Rxe1 42. Bb8 a6 43. Bc7 b5 44. cxb5 axb5 45. a4 bxa4 46. bxa4 Rc1 47. Bb6 e5 48. a5 Ra1 49. Kg3 Ra4 50. Kf3 Ke6 51. Ke3 Kd5 52. Kd3 Ra2 53. Kc3 Kc6 54. g4 Ra3+ 55. Kb4 Rxh3 56. Bd8 Rd3 0-1

[Event "I Liga Centralne Srbije"]
[Site "Bajina Bašta, Serbia"]
[Date "2020.10.15"]
[Round "9.1"]
[White "Radovanovic, Dusan"]
[Black "Rabrenovic, Vladan"]
[Result "0-1"]
[ECO "C51"]
[WhiteElo "2326"]
[BlackElo "2302"]
[Annotator "Knez"]
[PlyCount "106"]
[EventDate "2020.??.??"]
[TimeControl "90"]
[WhiteClock "0:01:28"]
[BlackClock "0:00:52"]

1. e4 e5 2. Nf3 Nc6 3. Bc4 Bc5 4. b4 Bxb4 5. c3 Be7 6. d4 Na5 7. Bd3 d6 8. Qa4+ c6 9. Nbd2 Qc7 10. O-O Nf6 11. Ba3 b6 12. Rfe1 O-O 13.
Nf1 Re8 14. Ng3 Bf8 15. h3 b5 16. Qd1 Be6 17. Bc1 h6 18.
Nh2 Nc4 19. Qf3 Nh7 20. d5 Bd7 21. Ng4 Qd8 22. a4 Ng5 23.
Qe2 a6 24. dxc6 Bxc6 25. Nf5 Re6 26. h4 Nh7 27. g3 d5 28.
axb5 axb5 29. Rxa8 Bxa8 30. Nge3 Nxe3 31. Nxe3 dxe4 32. Bxb5 Rg6 33. Kh2 Nf6 34. Rd1 Qc8 35. Bc4 Bc6 36. Qa2 Be8 37. Kg2 Bc5 38. Nd5 Ng4 39. h5 Nxf2 40. Qxf2 Qg4 41. Ne3 Qxh5 42. Rd8 Rf6 43. Rxe8+ Kh7 44. Qe2 Rf3 45. Rc8 Bxe3 46. Bxe3 Qg4 47. Bf2 h5 48. Rc7 f5 49. Rc5 h4 50. Qe1 e3 51. Be2 exf2 52. Qh1 f1=Q+ 53. Qxf1 Qxg3+ 0-1

[Event "I Liga Centralne Srbije"]
[Site "Bajina Bašta, Serbia"]
[Date "2020.10.15"]
[Round "9.1"]
[White "Colovic, Dusan"]
[Black "Radivojevic, Ivan"]
[Result "0-1"]
[ECO "D00"]
[WhiteElo "2255"]
[BlackElo "2365"]
[Annotator "Knez"]
[PlyCount "104"]
[EventDate "2020.??.??"]
[TimeControl "90"]
[WhiteClock "0:03:45"]
[BlackClock "0:12:06"]

1. d4 Nf6 2. Nc3 d5 3. Bf4 e6 4. e3 Bb4 5. Nge2 Ne4 6. a3 Nxc3 7. Nxc3 Bxc3+ 8. bxc3 c5 9. Qg4 O-O 10. Bh6 Qf6 11. Bg5 Qg6 12. Bd3 f5 13. Qh4 Nc6 14. O-O e5 15. dxe5 Nxe5 16. Be2 Qe6 17. Qg3 Bd7 18. Bf4 Ng6 19. Bf3 Bc6 20. Rfd1 Rad8 21. h4 Rf7 22. c4 Nxf4 23. Qxf4 Rfd7 24. cxd5 Bxd5 25. Bxd5 Rxd5 26. Rxd5 Qxd5 27. c4 Qf7 28. a4 b6 29. a5 Qf6 30. Ra2 Rd1+ 31. Kh2 Qd6 32. Qxd6 Rxd6 33. axb6 axb6 34. Kg3 Rg6+ 35. Kf3 Rg4 36. Rc2 Rxh4 37. Ke2 Rh1 38. Rb2 Rh6 39. Kd3 Re6 40. Kc3 g5 41. Kb3 h5 42. Ka4 h4 43.
Kb5 g4 44. Rb1 h3 45. gxh3 gxh3 46. Rh1 Rh6 47. f3 h2 48. e4 f4 49. e5 Kf7 50. e6+ Kxe6 51. Kxb6 Kd6 52. Kb5 Rh8 0-1

[Event "I Liga Centralne Srbije"]
[Site "Bajina Bašta, Serbia"]
[Date "2020.10.15"]
[Round "9.1"]
[White "Marcetic, Nikola"]
[Black "Mijatovic, Dusan"]
[Result "1/2-1/2"]
[ECO "D00"]
[WhiteElo "2329"]
[BlackElo "2177"]
[Annotator "Knez"]
[PlyCount "74"]
[EventDate "2020.??.??"]
[TimeControl "90"]
[WhiteClock "0:18:34"]
[BlackClock "0:01:31"]

1. d4 Nf6 2. Bg5 d5 3. Bxf6 exf6 4. e3 Bd6 5. c4 dxc4 6.
Bxc4 c6 7. Nc3 O-O 8. Bd3 f5 9. Qf3 g6 10. h3 Qe7 11. Nge2 Be6 12. g4 fxg4 13. hxg4 f5 14. gxf5 Bxf5 15. Bxf5 Rxf5 16. Qg2 Nd7 17. Rh3 Re8 18. O-O-O Qg5 19. Qxg5 Rxg5 20. Rdh1 Nf6 21. a3 Rg2 22. Nd1 h5 23. Rg1 Rxg1 24. Nxg1 g5 25. Ne2 g4 26. Rh1 Kg7 27. Kd2 Kg6 28. Ndc3 Ne4+ 29. Nxe4 Rxe4 30. Ng3 Bxg3 31. fxg3 Re7 32. Rf1 Rh7 33. Rf4 Kg5 34. e4 h4 35. Rf5+ Kg6 36. gxh4 Rxh4 37. Ke3 b6 1/2-1/2

[Event "I Liga Centralne Srbije"]
[Site "Bajina Bašta, Serbia"]
[Date "2020.10.15"]
[Round "9.5"]
[White "Dudin, Gleb"]
[Black "Dimitrov, Radoslav"]
[Result "1-0"]
[ECO "A53"]
[WhiteElo "2386"]
[BlackElo "2507"]
[Annotator "Knez"]
[PlyCount "81"]
[EventDate "2020.??.??"]
[TimeControl "90"]
[WhiteClock "0:23:56"]
[BlackClock "0:00:47"]

1. d4 Nf6 2. c4 d6 3. Nc3 e5 4. dxe5 dxe5 5. Qxd8+ Kxd8 6. Nf3 Nfd7 7. g4 c6 8. h4 f6 9. Bh3 Nb6 10. b3 h5 11. g5 Bg4 12. gxf6 gxf6 13.
Nd2 N8d7 14. Nde4 Kc7 15. f3 Bxh3 16. Rxh3 Be7 17. Be3 Rag8 18. O-O-O f5 19. Ng5 Rg6 20. Kc2 Rhg8 21. f4 e4 22. Bd4 Nf6 23. e3 Ng4 24. Ne2 Nf2 25. Rhh1 Nxh1 26. Rxh1 Bf6 27. Be5+ Bxe5 28. fxe5 Nd7 29. e6 Ne5 30. Nf4 Rh6 31. Rd1 Rg7 32. Rd2 Rh8 33. Rd1 Kc8 34. Kc3 Kc7 35. b4 Nf3 36. Nf7 Re8 37. Rd7+ Kb8 38.
Nxh5 Rgg8 39. Nf4 Nxh4 40. Nd6 Rd8 41. Rxd8+ 1-0

[Event "I Liga Centralne Srbije"]
[Site "Bajina Bašta, Serbia"]
[Date "2020.10.15"]
[Round "9.5"]
[White "Markovic, Miroslav"]
[Black "Djordjevic, Vuk"]
[Result "1/2-1/2"]
[ECO "A07"]
[WhiteElo "2372"]
[BlackElo "2347"]
[Annotator "Knez"]
[PlyCount "103"]
[EventDate "2020.??.??"]
[TimeControl "90"]
[WhiteClock "0:00:33"]
[BlackClock "0:15:53"]

1. Nf3 Nf6 2. g3 e6 3. Bg2 d5 4. O-O Be7 5. d3 O-O 6. c3 c5 7. Qc2 Nc6 8. e4 b5 9. Re1 Re8 10. e5 Nd7 11. h4 f6 12. exf6 Nxf6 13.
Nbd2 Bd6 14. a4 b4 15. c4 Bb7 16. Nb3 Na5 17. Nxa5 Qxa5 18. Ng5 Qc7 19. Bd2 Bxg3 20. fxg3 Qxg3 21. Re3 Qxh4 22. Nf3 Qh5 23. Re5 Qf7 24. Rf1 Qc7 25. Ree1 Qg3 26. Qc1 dxc4 27. Qxc4 Bd5 28. Qf4 Qg6 29. d4 cxd4 30. Qxd4 a5 31. Re5 Rad8 32. Qf4 h6 33. Re2 Rf8 34. Ne5 Qh5 35. Qe3 Ng4 36. Rxf8+ Rxf8 37. Nxg4 Qxg4 38. Be1 Rf3 39. Qd2 Rf4 40. Re3 Rd4 41. Qe2 Qf5 42. Rg3 Bc4 43. Qe3 Rd1 44. Kh2 Rd3 45. Qe4 Qh5+ 46. Rh3 Rxh3+ 47. Bxh3 Bd5 48. Qe3 Qg6 49. Bf2 Kh8 50. Qe5 Qc2 51. Kg3 Qxa4 52. Bd4 1/2-1/2

[Event "I Liga Centralne Srbije"]
[Site "Bajina Bašta, Serbia"]
[Date "2020.10.15"]
[Round "9.5"]
[White "Todorovic, Goran M"]
[Black "Topalov, Aleksandar"]
[Result "1-0"]
[ECO "C05"]
[WhiteElo "2404"]
[BlackElo "2228"]
[Annotator "Knez"]
[PlyCount "123"]
[EventDate "2020.??.??"]
[TimeControl "90"]
[WhiteClock "0:04:47"]
[BlackClock "0:02:35"]

1. e4 e6 2. d4 d5 3. Nd2 Nf6 4. e5 Ng8 5. c3 Qd7 6. Ngf3 b6 7. a4 Ba6 8. Bxa6 Nxa6 9. Qe2 Nb8 10. a5 a6 11. axb6 cxb6 12. O-O Ne7 13. b4 Nec6 14. Nb3 Ra7 15.
Ne1 Be7 16. Qg4 Bf8 17. Nd3 h5 18. Qe2 Be7 19. Bd2 Rc7 20.
Rfc1 Na7 21. Nf4 Qb5 22. Qf3 g6 23. Rab1 Qd7 24. Nh3 Nb5 25.
Bg5 Bxg5 26. Nxg5 Qe7 27. h4 Kf8 28. Nd2 Kg7 29. Nf1 Na3 30.
Ra1 Nb5 31. Ng3 Rc4 32. Ne2 Na7 33. Nf4 Nb5 34. Qg3 Rh6 35.
Kh2 Qd7 36. Qe3 Rh8 37. Qg3 Rh6 38. Qh3 Qe7 39. Ngxe6+ fxe6 40. Nxe6+ Kg8 41. Nf4 Nc7 42. Re1 Nd7 43. Kg1 Kg7 44. Re3 Nf8 45.
e6 Rc6 46. Rae1 Rd6 47. Re5 Nh7 48. Qg3 Nf6 49. Rg5 Nce8 50.
Nxg6 Rxg6 51. Rxg6+ Kh8 52. Qg5 Qf8 53. e7 Qf7 54. Rh6+ Nh7 55.
Rxh5 Rg6 56. Qe5+ Kg8 57. Qxd5 Nhf6 58. Rh8+ Kg7 59. Qxf7+ Kxf7 60. h5 Rg5 61. Rf8+ Kg7 62. h6+ 1-0

[Event "I Liga Centralne Srbije"]
[Site "Bajina Bašta, Serbia"]
[Date "2020.10.15"]
[Round "9.11"]
[White "Dimitrijevic, Nenad"]
[Black "Radovanovic, Jovica"]
[Result "1-0"]
[ECO "A48"]
[WhiteElo "2142"]
[BlackElo "2303"]
[Annotator "Knez"]
[PlyCount "55"]
[EventDate "2020.??.??"]
[TimeControl "90"]

1. d4 Nf6 2. Nf3 g6 3. c3 Bg7 4. Bg5 d6 5. Nbd2 O-O 6. e4 Nbd7 7. e5 dxe5 8. dxe5 Ng4 9. e6 fxe6 10. h3 Nge5 11. Be2 Nf7 12. Be3 e5 13. Qb3 Kh8 14. Ne4 Nb6 15. Rd1 Qe8 16. Nc5 c6 17. c4 h6 18. a4 Rb8 19. a5 Na8 20. Na6 Bxh3 21. Nxb8 Bxg2 22. Rg1 Bxf3 23. Bxf3 Qxb8 24. Rxg6 e4 25. Bxe4 Qe5 26. Qc3 Qxc3+ 27. bxc3 Ne5 28. Rxg7 1-0

[Event "I Liga Centralne Srbije"]
[Site "Bajina Bašta, Serbia"]
[Date "2020.10.15"]
[Round "9.5"]
[White "Ilic, Dragan"]
[Black "Vujcic, Milena"]
[Result "0-1"]
[ECO "E76"]
[WhiteElo "2291"]
[BlackElo "2059"]
[Annotator "Knez"]
[PlyCount "83"]
[EventDate "2020.??.??"]
[TimeControl "90"]
[WhiteClock "0:05:42"]

1. d4 Nf6 2. c4 g6 3. Nc3 Bg7 4. e4 d6 5. f4 O-O 6. Nf3 c5 7. d5 e6 8. dxe6 fxe6 9. Bd3 Nc6 10. O-O Nd4 11. Kh1 Bd7 12. Bd2 Nh5 13. Nxd4 cxd4 14. Nb5 Qh4 15. Qe1 Qxe1 16. Raxe1 Bxb5 17. cxb5 Bh6 18. g3 e5 19. Bb4 exf4 20. Bxd6 Rfd8 21. Bxf4 Nxf4 22. gxf4 Rf8 23. f5 gxf5 24. exf5 Be3 25. f6 Rac8 26. Re2 Kf7 27. Rc2 Rxc2 28. Bxc2 Ke6 29. f7 Kd5 30. Bd3 Kc5 31. Kg2 Bh6 32. a3 Kd5 33. Kg3 Be3 34. Kg4 Ke6 35.
Bxh7 Ke7 36. Bg6 Rc8 37. h4 Kf8 38. Rf5 Kg7 39. Re5 Rf8 40.
h5 Bc1 41. Re8 d3 42. Kf3 0-1

[Event "I Liga Centralne Srbije"]
[Site "Bajina Bašta, Serbia"]
[Date "2020.10.15"]
[Round "9.6"]
[White "Delchev, Aleksander"]
[Black "Ristic, Nebojsa B"]
[Result "1-0"]
[ECO "E90"]
[WhiteElo "2548"]
[BlackElo "2312"]
[Annotator "Knez"]
[PlyCount "61"]
[EventDate "2020.??.??"]
[TimeControl "90"]
[WhiteClock "0:10:57"]
[BlackClock "0:04:43"]

1. Nf3 Nf6 2. c4 g6 3. Nc3 Bg7 4. e4 d6 5. d4 O-O 6. h3 e5 7. d5 a5 8. g4 Na6 9. Be3 Nd7 10. Rg1 Kh8 11. Be2 Ndc5 12. Qd2 f5 13.
gxf5 gxf5 14. Bg5 Bf6 15. Bh6 fxe4 16. Ng5 Bf5 17. Bxf8 Qxf8 18. Qe3 Nb4 19. Kd2 Qe7 20. h4 c6 21. Bh5 Rf8 22. Rg3 Nbd3 23. Rag1 Bxg5 24. Rxg5 Nf4 25. Qg3 Bg6 26. Bxg6 hxg6 27. h5 Nxh5 28. Qh4 Qf7 29. Rxg6 Qxf2+ 30. Ne2 e3+ 31. Kd1 1-0

[Event "I Liga Centralne Srbije"]
[Site "Bajina Bašta, Serbia"]
[Date "2020.10.15"]
[Round "9.6"]
[White "Spasic, Petar"]
[Black "Radovanovic, Mihajlo"]
[Result "0-1"]
[ECO "E67"]
[WhiteElo "2251"]
[BlackElo "2457"]
[Annotator "Knez"]
[PlyCount "62"]
[EventDate "2020.??.??"]
[TimeControl "90"]
[WhiteClock "0:51:27"]
[BlackClock "0:30:27"]

1. Nf3 g6 2. c4 Bg7 3. Nc3 d6 4. g3 e5 5. d4 Nd7 6. Bg2 Ngf6 7. O-O O-O 8. b3 Re8 9. dxe5 dxe5 10. Ba3 c6 11. Qc2 e4 12. Nd4 e3 13. f4 Ng4 14. Rad1 Nf2 15. Rxf2 exf2+ 16. Kxf2 Qa5 17. Bd6 Nf6 18. Bf3 Ng4+ 19. Bxg4 Bxg4 20. c5 b6 21. Ne4 bxc5 22. Bxc5 Rxe4 23. b4 Qxc5 24. Qxc5 Rd8 25. Qg5 Bxd4+ 26. Rxd4 Rxe2+ 27. Kf1 Rxd4 28.
Qxg4 Rxa2 29. Ke1 Rxb4 30. Qd1 Rxh2 31. Qd3 Rb1+ 0-1

[Event "I Liga Centralne Srbije"]
[Site "Bajina Bašta, Serbia"]
[Date "2020.10.15"]
[Round "9.6"]
[White "Radovic, Janko"]
[Black "Djordjevic, Miroslav"]
[Result "1-0"]
[ECO "B12"]
[WhiteElo "2433"]
[BlackElo "1885"]
[Annotator "Knez"]
[PlyCount "51"]
[EventDate "2020.??.??"]
[TimeControl "90"]
[WhiteClock "0:28:21"]
[BlackClock "0:31:20"]

1. e4 c6 2. d4 d5 3. e5 Bf5 4. h4 h6 5. g4 Bg6 6. h5 Be4 7. f3 Bh7 8. e6 fxe6 9. Bd3 Bxd3 10. Qxd3 Qd6 11. Qg6+ Kd8 12. f4 e5 13. fxe5 Qxg6 14. hxg6 e6 15. Ne2 c5 16. Rf1 Ne7 17. Nf4 Kd7 18. c3 cxd4 19. cxd4 Nbc6 20. Be3 h5 21. Rh1 Rh6 22. Nxh5 Rxg6 23. Rg1 Nd8 24. Nd2 Nf7 25. Ke2 Ng8 26. Nf3 1-0

[Event "I Liga Centralne Srbije"]
[Site "Bajina Bašta, Serbia"]
[Date "2020.10.15"]
[Round "9.6"]
[White "Milic, Slobodan"]
[Black "Radovic, Luka"]
[Result "0-1"]
[ECO "A13"]
[WhiteElo "1888"]
[BlackElo "2334"]
[Annotator "Knez"]
[PlyCount "50"]
[EventDate "2020.??.??"]
[TimeControl "90"]
[WhiteClock "0:25:32"]
[BlackClock "0:00:36"]

1. b3 d5 2. Nf3 Nf6 3. Bb2 e6 4. e3 c5 5. c4 Nc6 6. d4 cxd4 7. exd4 b6 8. Be2 Bb7 9. O-O Bd6 10. Nc3 dxc4 11. Bxc4 Ne7 12. Bb5+ Kf8 13. Re1 Ned5 14. Ne5 g6 15. Bc6 Bxc6 16. Nxc6 Qc7 17. Nxd5 Bxh2+ 18. Kh1 Nxd5 19. Ne5 Bf4 20. Qf3 Kg7 21. Bc1 Bxc1 22. Raxc1 Qe7 23. Rc6 Rac8 24. Rxc8 Rxc8 25. Qe4 Qf6 0-1

[Event "I Liga Centralne Srbije"]
[Site "Bajina Bašta, Serbia"]
[Date "2020.10.15"]
[Round "9.6"]
[White "Zlatanovic, Boroljub"]
[Black "Banjovic, Sasa"]
[Result "1-0"]
[ECO "C01"]
[WhiteElo "2372"]
[BlackElo "2121"]
[Annotator "Knez"]
[PlyCount "81"]
[EventDate "2020.??.??"]
[TimeControl "90"]

1. Nc3 e6 2. e4 d5 3. exd5 exd5 4. d4 Bb4 5. Bd3 Ne7 6. Qh5 c5 7. dxc5 Qd7 8. Nge2 Qg4 9. Qxg4 Bxg4 10. f3 Be6 11. Be3 Nd7 12. Bb5 Rc8 13. O-O-O Bxc5 14. Bxc5 Rxc5 15. Nd4 a6 16. Bxd7+ Kxd7 17. Rhe1 b5 18. Nce2 Nf5 19. Nxf5 Bxf5 20. Nd4 Be6 21. Re3 h5 22. h4 Rcc8 23. Kd2 g6 24. Rde1 Rhe8 25. Ra3 Ra8 26. Rc3 Rac8 27. Rxc8 Rxc8 28. b3 Kd6 29. Re3 Bd7 30. Rc3 Re8 31. Re3 Rc8 32. b4 f6 33. Ra3 Ra8 34. Nb3 g5 35. g3 gxh4 36. gxh4 Bc8 37. Ke3 Ke5 38. Nd4 Bb7 39. Rc3 Rc8 40. f4+ Kd6 41. Nf5+ 1-0

[Event "I Liga Centralne Srbije"]
[Site "Bajina Bašta, Serbia"]
[Date "2020.10.15"]
[Round "9.6"]
[White "Dimitrijevic, Zoran"]
[Black "Micic, Aleksa"]
[Result "1/2-1/2"]
[ECO "D94"]
[WhiteElo "2088"]
[BlackElo "2060"]
[Annotator "Knez"]
[PlyCount "60"]
[EventDate "2020.??.??"]
[TimeControl "90"]
[WhiteClock "0:27:57"]
[BlackClock "1:19:15"]

1. Nf3 Nf6 2. d4 g6 3. c4 Bg7 4. Nc3 d5 5. e3 O-O 6. cxd5 Nxd5 7. Bc4 Nxc3 8. bxc3 b6 9. O-O Bb7 10. a4 Nd7 11. a5 a6 12. Re1 b5 13.
Bf1 e5 14. Bb2 c5 15. c4 e4 16. Nd2 cxd4 17. Bxd4 Ne5 18. cxb5 axb5 19. Nb3 Bd5 20. Bxe5 Bxe5 21. Nd4 Rxa5 22. Rxa5 Qxa5 23. Nxb5 Be6 24. Nd4 Rd8 25. Qb1 Bxd4 26. exd4 Bf5 27. g4 e3 28. gxf5 exf2+ 29. Kxf2 Qd2+ 30. Kg1 Qxd4+ 1/2-1/2